 Dungeon Crawl Stone Soup version 0.28.0-53-g5a82cb258f (webtiles) character file.

Game seed: 12720923483308628648

4 Descartes the Ducker (level 1, 0/10 HPs)
             Began as a Felid Monk on June 28, 2022.
             Slain by a hobgoblin (4 damage)
             ... on level 1 of the Dungeon.
             The game lasted 00:00:27 (180 turns).

Descartes the Ducker (Felid Monk)                    Turns: 180, Time: 00:00:28

Health: 0/10       AC:  1    Str:  7    XL:     1   Next: 50%
Magic:  2/2        EV: 19    Int: 11    God:
Gold:   23         SH:  0    Dex: 18    Spells: 0/0 levels left
                                        Lives:  0   Deaths: 0

rFire   . . .      SeeInvis +     - Unarmed
rCold   . . .      Faith    .   (shield unavailable)
rNeg    . . .      Spirit   .   (armour unavailable)
rPois   .          Reflect  .   (helmet unavailable)
rElec   .          Harm     .   (cloak unavailable)
rCorr   .          Rampage  .   (gloves unavailable)
Will    .....                   (boots unavailable)
Stlth   ++........              (no amulet)
HPRegen 0.03/turn               (no ring)
MPRegen 0.08/turn               (no ring)

@: quick
A: very small, claws 1, fangs 3, see invisible, speed 1, shaggy fur 1, stealthy
paws, no weapons or thrown items, no armour, multi-lived
a: no special abilities


You were on level 1 of the Dungeon.
You visited 1 branch of the dungeon, and saw 1 of its levels.

You collected 23 gold pieces.

You aren't carrying anything.


   Skills:
 + Level 3.0 Fighting
 + Level 4.1 Dodging
 + Level 2.8 Stealth
 + Level 3.0 Unarmed Combat


You couldn't memorise any spells.
You didn't know any spells.
Your spell library contained the following spells:

 Spells                   Type           Power      Damage    Failure   Level
 Shock                    Conj/Air       0%         1d3       34%         1
 Swiftness                Air            0%         N/A       71%         3
 Airstrike                Air            0%         N/A       98%         4


Dungeon Overview and Level Annotations

Branches:
Dungeon (1/15)

Altars:


Innate Abilities, Weirdness & Mutations

You have sharp claws.
You have razor-sharp teeth.
You have supernaturally acute eyesight. (SInv)
You cover ground quickly. (Speed+)
You are covered in fur. (AC +1)
Your paws help you pounce on unaware monsters.
You are incapable of wielding weapons or throwing items.
You cannot wear armour.
You gain extra lives every three experience levels.


Message History

No target in view!
No target in view!
No target in view!
No target in view!
No target in view!
No target in view!
No target in view!
No target in view!
No target in view!
Things that are here:
a +0 dagger; a stone; a kobold corpse Unknown command.
A hobgoblin comes into view.
Found a mace.
A kobold comes into view. It is wielding a +0 club.
You closely miss the kobold.
The hobgoblin shouts!
The kobold barely misses you.
You scratch the hobgoblin.
The hobgoblin is almost dead.
The hobgoblin misses you. The kobold misses you.
You closely miss the hobgoblin.
You bite the hobgoblin, but do no damage.
The hobgoblin is almost dead.
The hobgoblin hits you. The kobold hits you with a +0 club.
* * * LOW HITPOINT WARNING * * *
You are too injured to fight recklessly!
You are too injured to fight recklessly!
You are too injured to fight recklessly!
You are too injured to fight recklessly!
You are too injured to fight recklessly!
You are too injured to fight recklessly!
You are too injured to fight recklessly!
You are too injured to fight recklessly!
You are too injured to fight recklessly!
A rat comes into view.
Things that are here:
a +0 dagger; a stone; a kobold corpse The hobgoblin hits you.
You die...

....# #..########
####.........# ..
#.......# #..
#.......# ♣
..########.......####
♣♣
....................#
♣≈ #.#
#......####...###.##
♣≈ #.#
#......g@.....# #..#
♣♣≈ .#.#
#.....K####...# ##.##
♣P≈ .#.# #......#
#...# #..# ♣♣≈ .#.#
#######.######...#
##.# .♣≈ ...#
.......g.....#####
#.##.♣≈ .r.#
#######......#
#..#.♣♣ ...#####
#......# ##.#..♣
.......# #g.....#
#..# .......#
#K.....# ##.#


You could see a hobgoblin and a kobold.

Vanquished Creatures
  A hobgoblin (D:1)
  2 bats (D:1)
  A kobold (D:1)
4 creatures vanquished.

Notes
Turn   | Place    | Note
-------+----------+-------------------------------------------
     0 | D:1      | Descartes the Felid Monk began the quest for the Orb.
     0 | D:1      | Reached XP level 1. HP: 10/10 MP: 2/2
   180 | D:1      | Slain by a hobgoblin

Illustrated notes

Levels and vault maps discovered:
D:1:      nagdon_arrival_double_spiral, layout_basic, minmay_lizard_king

Action                   || total
-------------------------++-------
Melee: Unarmed           ||     8
       Bite              ||     2
       Punch             ||     1
 Stab: Sleeping          ||     2
Dodge: Dodged            ||     4
